 Dungeon Crawl Stone Soup version 0.30-a0-972-gf3ab3527aa (webtiles) character file.

Game seed: 8766722331360108415

16 mopl the Slasher (level 2, -2/21 HPs)
             Began as an Octopode Cinder Acolyte on Mar 31, 2023.
             Was a High Priest of Ignis.
             Slain by a rat (3 damage)
             ... on level 1 of the Dungeon.
             The game lasted 00:00:36 (451 turns).

mopl the Slasher (Octopode Cinder Acolyte)           Turns: 451, Time: 00:00:37

Health: -2/21      AC:  1    Str: 13    XL:     2   Next: 54%
Magic:  3/3        EV: 12    Int: 16    God:    Ignis [*****.]
Gold:   49         SH:  0    Dex:  7    Spells: 3/3 levels left

rFire   + . .      SeeInvis .    a - -1 falchion (flame)
rCold   . . .      Faith    .    (no shield)
rNeg    . . .      Spirit   .    (helmet restricted)
rPois   .          Reflect  .    (no amulet)
rElec   .          Rampage  .    (no ring)
rCorr   .                        (no ring)
Will    .....                    (no ring)
Stlth   ++                       (no ring)
HPRegen 0.23/turn                (no ring)
MPRegen 0.08/turn                (no ring)
                                 (no ring)
                                 (no ring)

@: no status effects
A: almost no armour, amphibious, 8 rings, camouflage 1, gelatinous body 1,
(nimble swimmer 1), tentacles
a: Renounce Religion, Fiery Armour, Foxfire Swarm, Rising Flame


You were on level 1 of the Dungeon.
You worshipped Ignis.
Ignis was extremely pleased with you.
You visited 1 branch of the dungeon, and saw 1 of its levels.

You collected 49 gold pieces.

Inventory:

Hand Weapons
 a - a -1 falchion of flaming (weapon)
Scrolls
 d - a scroll of identify {unknown}
Potions
 b - a potion of mutation {unknown}
 c - a potion of might {unknown}
 e - a potion of magic {unknown}


   Skills:
 + Level 3.2 Fighting
 + Level 3.2 Long Blades
 + Level 1.0 Dodging
 + Level 1.0 Stealth
 - Level 1.0 Spellcasting
 - Level 3.0 Fire Magic


You had 3 spell levels left.
You didn't know any spells.
Your spell library contained the following spells:

 Spells                   Type           Power      Damage    Failure   Level
 Scorch                   Fire           20%        2d6       10%         2


Dungeon Overview and Level Annotations

Branches:
Dungeon (1/15)

Altars:


Innate Abilities, Weirdness & Mutations

You cannot wear most types of armour.
You are amphibious.
You can wear up to eight rings at the same time.
Your skin changes colour to match your surroundings (Stealth+).
Your rubbery body absorbs attacks. (AC +1, EV +1)
((You are camouflaged when in or above water. (Stealth+)))
You have tentacles for arms and can constrict up to eight enemies at once.


Message History

The hobgoblin shouts!
A hobgoblin comes into view.
The hobgoblin shouts!
The giant cockroach barely misses you.
A kobold comes into view. It is wielding a +0 short sword.
The giant cockroach bites you.
The frilled lizard hisses angrily.
The kobold shouts!
You hit the giant cockroach but do no damage.
You grab the giant cockroach.
You squeeze the giant cockroach, but do no damage.
You constrict the giant cockroach. The giant cockroach barely misses you.
You hit the giant cockroach. You burn the giant cockroach.
You kill the giant cockroach!
The rat misses you.
Your Stealth skill increases to level 1!
You closely miss the hobgoblin. You grab the hobgoblin.
You squeeze the hobgoblin, but do no damage.
You constrict the hobgoblin, but do no damage.
The rat bites you. The hobgoblin closely misses you.
The frilled lizard barely misses you.
You hit the hobgoblin but do no damage. You constrict the hobgoblin.
The rat bites you but does no damage.
The frilled lizard bites you but does no damage.
The hobgoblin misses you. The rat barely misses you.
The frilled lizard bites you. The hobgoblin hits you.
You hit the hobgoblin. You burn the hobgoblin.
You squeeze the hobgoblin, but do no damage.
The hobgoblin is almost dead.
You constrict the hobgoblin.
You kill the hobgoblin!
The hobgoblin misses you. The rat bites you. The frilled lizard bites you.
Your Dodging skill increases to level 1!
You hit the kobold. You burn the kobold.
You kill the kobold!
The hobgoblin hits you.
* * * LOW HITPOINT WARNING * * *
The frilled lizard bites you.
* * * LOW HITPOINT WARNING * * *
The rat bites you.
You die...

.................................
...........#.....#....#....####.#
#######.#...................###..
####.#..............#........#
#......########.....#.....>...
#......# #.....#....##.##
#......# #.....####.##.#
####....#.# ######.....# #.##.#
...#....#.# #..l@......# #.##.#
...#....#.#....)rg.....# #.##.#
...####.#.#.#..........# #.##.#
.......)#.# #..........#
..†######.# #..........#
...)......# #..........#
...######## #.......?..# ...#
#..........# ##.#


You could see a hobgoblin, a frilled lizard and a rat.

Vanquished Creatures
  2 dart slugs (D:1)
  An endoplasm (D:1)
  A giant cockroach (D:1)
  2 goblins (D:1)
  2 hobgoblins (D:1)
  A ball python (D:1)
  2 kobolds (D:1)
  2 rats (D:1)
13 creatures vanquished.

Notes
Turn   | Place    | Note
-------+----------+-------------------------------------------
     0 | D:1      | mopl the Octopode Cinder Acolyte began the quest for the
                  | Orb.
     0 | D:1      | Reached XP level 1. HP: 16/16 MP: 2/2
   179 | D:1      | Reached XP level 2. HP: 19/21 MP: 3/3
   448 | D:1      | Reached skill level 1 in Stealth
   451 | D:1      | Reached skill level 1 in Dodging
   451 | D:1      | HP: 1/21 [frilled lizard (3)]
   451 | D:1      | Slain by a rat

Illustrated notes

Levels and vault maps discovered:
D:1:      mainiacjoe_arrival_reflecting_pool, layout_basic

Skill      XL: |  1  2 |
---------------+-------+-----
Stealth        | 1 |  1.0
Dodging        | 1 |  1.0
Fighting       | |  3.2
Long Blades    | |  3.2
Spellcasting   | |  1.0
Fire Magic     | |  3.0

Action                     || total
---------------------------++-------
  Melee: Falchion          ||    22
         Constrict         ||     8
         Tentacles         ||     7
   Stab: Sleeping          ||     1
 Armour: Skin              ||     2
  Dodge: Dodged            ||    14

Table legend: (Time is in decaauts)
 A = Elapsed time spent in this place.
 B = Non-inter-level travel time spent in this place.
 C = Inter-level travel time spent in this place.
 D = Time resting spent in this place.
 E = Time spent auto-exploring this place.
 F = Levels seen in this place.
 G = Mean time per level.
                   A        B        C        D        E       F      G
               +--------+--------+--------+--------+--------+-----+--------+
         Total |    454 |    454 |      0 |      0 |    375 |   1 |  454.0 |
       Dungeon |    454 |    454 |      0 |      0 |    375 |   1 |  454.0 |
               +--------+--------+--------+--------+--------+-----+--------+

Top non-repeatable levels by time:
     D:1: 454 daAuts
